 Dungeon Crawl Stone Soup version 0.28.0-45-g0d030f2227 (webtiles) character file.

Game seed: 3675164482833597066

270 MisterFreud the Changer (level 6, -5/51 HPs)
             Began as a Draconian Transmuter on Apr 21, 2022.
             Slain by an orc warrior
             ... wielding a +0 scimitar
              (15 damage)
             ... on level 4 of the Dungeon.
             The game lasted 00:03:34 (3117 turns).

MisterFreud the Changer (Draconian Transmuter)      Turns: 3117, Time: 00:03:34

Health: -5/51      AC:  6    Str: 13    XL:     6   Next: 1%
Magic:  9/9        EV: 12    Int: 15    God:
Gold:   116        SH:  0    Dex: 11    Spells: 3/9 levels left

rFire   . . .      SeeInvis .     - Unarmed
rCold   . . .      Faith    .   l - orb {light}
rNeg    . . .      Spirit   .   (armour unavailable)
rPois   .          Reflect  .   (helmet restricted)
rElec   .          Harm     .   (no cloak)
rCorr   .          Rampage  .   (no gloves)
Will    .....                   (no boots)
Stlth   +.........              (no amulet)
HPRegen 0.17/turn               (no ring)
MPRegen 0.11/turn               (no ring)

@: about to teleport, glowing
A: AC +6, unfitting armour, cold-blooded
a: no special abilities


You were on level 4 of the Dungeon.
You visited 1 branch of the dungeon, and saw 4 of its levels.

You collected 116 gold pieces.

Inventory:

Missiles
 m - 2 poisoned darts
Armour
 l - an orb of light (worn)
Jewellery
 d - a +4 ring of protection
 g - a +4 ring of evasion
 n - a ring of wizardry
Scrolls
 e - a scroll of vulnerability {unknown}
 f - a scroll of teleportation
 h - a scroll of noise {unknown}
 i - a scroll of immolation {unknown}
 k - a scroll of amnesia {unknown}
Potions
 a - a potion of mutation
 b - 3 potions of heal wounds
 c - a potion of invisibility {unknown}
 j - a potion of might {unknown}
 o - a potion of attraction {unknown}
 p - a potion of berserk rage {unknown}
 q - a potion of flight {unknown}
 r - a potion of experience {unknown}


   Skills:
 + Level 3.1 Fighting
 - Level 1.7 Dodging
 + Level 4.0 Unarmed Combat
 - Level 2.0 Spellcasting
 - Level 5.0 Transmutations


You had 3 spell levels left.
You knew the following spells:

 Your Spells              Type           Power      Damage    Failure   Level
a - Beastly Appendage     Tmut           32%        N/A       2%          1
b - Wereblood             Tmut           16%        N/A       4%          2
c - Spider Form           Tmut/Pois      9%         N/A       24%         3

Your spell library contained the following spells:

 Spells                   Type           Power      Damage    Failure   Level
 Ice Form                 Ice/Tmut       9%         N/A       61%         4
 Fulminant Prism          Conj/Hex       0%         3d6       91%         4
 Iskenderun's Mystic Bla  Conj/Tloc      1%         2d3       91%         4
 Lee's Rapid Deconstruct  Erth           0%         3d5*      99%         5


Dungeon Overview and Level Annotations

Branches:
Dungeon (4/15)
 Temple: D:4-7

Altars:
Fedhas


Innate Abilities, Weirdness & Mutations

Your plain brown scales are hard. (AC +6)
You cannot fit into any form of body armour.
You are cold-blooded and may be slowed by cold attacks.


Message History

The orc wizard gestures at you while chanting.
You are confused.
You are too confused!
The orc wizard gestures at you while chanting.
The puff of flame hits you!
You are too confused!
You bump into the rock wall.
You can't go up here!
You bump into the rock wall.
The orc warrior closely misses you.
You barely miss the orc wizard. The orc wizard closely misses you.
You bump into the rock wall.
You feel less confused. The orc warrior barely misses you.
The orc wizard hits you but does no damage.
The orc warrior hits you with a +0 scimitar!!
Your transformation is almost over.
The orc wizard gestures wildly while chanting.
The orc wizard flickers and vanishes!
Deactivating autopickup; reactivate with Ctrl-A.
You completely miss the orc warrior.
The orc warrior hits you with a +0 scimitar!
A goblin comes into view. It is wielding a +0 club.
Your transformation has ended.
Your orb of light unmelds from your body.
The goblin shouts!
The orc warrior hits you with a +0 scimitar!
* * * LOW HITPOINT WARNING * * *
Found 7 gold pieces.
Found a stone staircase leading up.
There is a stone staircase leading up here.
A hound comes into view.
The hound barks!
You see here 7 gold pieces.
Okay, then.
As you read the scroll labelled XUICYQUSAU, it crumbles to dust.
You feel strangely unstable.
It was a scroll of teleportation.
Unknown command.
You punch the goblin!
You kill the goblin!
The orc warrior hits you with a +0 scimitar!
You die...

#+# #.# #.#########
##.##.)@oo.#
##.####...#.####.# #
#....g.....h...#$##.#
..####...#o##......#
##.##o####o####
#o##.# #<#
#.##.####.#
#.##.oo...#
#.#########


You could see an orc warrior and an orc wizard.

Vanquished Creatures
  Sigmund (D:3)
  Terence (D:3)
  Robin (D:2)
  2 adders
  A dart slug (D:1)
  2 orcs
  3 ball pythons
  5 endoplasms
  7 hobgoblins
  4 jackals
  2 quokkas (D:2)
  8 bats
  2 frilled lizards (D:3)
  14 goblins
  7 kobolds
  3 rats
63 creatures vanquished.

Notes
Turn   | Place    | Note
-------+----------+-------------------------------------------
     0 | D:1      | MisterFreud the Draconian Transmuter began the quest for
                  | the Orb.
     0 | D:1      | Reached XP level 1. HP: 16/16 MP: 3/3
   225 | D:1      | Reached XP level 2. HP: 11/23 MP: 5/5
   670 | D:1      | Reached skill level 3 in Transmutations
   939 | D:2      | Reached XP level 3. HP: 28/28 MP: 4/6
  1205 | D:2      | Found a faded altar of an unknown god.
  1310 | D:2      | Noticed Robin
  1515 | D:3      | Reached skill level 4 in Transmutations
  1663 | D:3      | Noticed Terence
  1672 | D:3      | Learned a level 2 spell: Wereblood
  1676 | D:3      | Learned a level 3 spell: Spider Form
  1692 | D:3      | Killed Terence
  1693 | D:3      | Reached XP level 4. HP: 19/35 MP: 4/7
  2404 | D:2      | Killed Robin
  2477 | D:2      | Reached skill level 5 in Transmutations
  2663 | D:3      | Noticed Sigmund
  2673 | D:3      | Killed Sigmund
  2674 | D:3      | Reached XP level 5. HP: 33/45 MP: 5/8
  2899 | D:3      | Reached XP level 6. HP: 48/51 MP: 7/9
  2943 | D:3      | Found a blossoming altar of Fedhas.
  3075 | D:4      | Noticed an orc warrior
  3117 | D:4      | Slain by an orc warrior

Illustrated notes

Levels and vault maps discovered:
D:1:      ncdulo_lavacross, layout_loops_cross
D:2:      minmay_wonky_spiral, layout_rooms, basic_ecumenical_altar,
          st_stairs_11, uniq_robin
D:3:      layout_loops_ring, fedhas_altar_1, uniq_sigmund, uniq_terence
D:4:      layout_loops_corners, nicolae_elemental_shop, uniq_menkaure

Skill      XL: |  1  2  3  4 |
---------------+-------------+-----
Transmutations | 3 4 5 |  5.0
Fighting       | 3 |  3.1
Unarmed Combat | 4 |  4.0
Dodging        | |  1.7
Spellcasting   | |  2.0

Action                   |  1- 3 |  4- 6 || total
-------------------------+-------+-------++-------
Melee: Unarmed           |   102 |    74 ||   176
       Tailslap          |    13 |    11 ||    24
       Kick              |    15 |     6 ||    21
       Headbutt          |     5 |     3 ||     8
       Punch             |     1 |       ||     1
 Cast: Beastly Appendage |    20 |     6 ||    26
       Spider Form       |     1 |     2 ||     3
  Use: Scroll            |       |     3 ||     3
 Stab: Sleeping          |     1 |       ||     1
Armor: Skin              |    30 |    29 ||    59
Dodge: Dodged            |    63 |    52 ||   115
